 Dungeon Crawl Stone Soup version 0.17.1-1-g73c8601 (webtiles) character file.

5583 Andry07 the Carver (level 10, -20/47 HPs)
             Began as a Vine Stalker Fighter on Dec 25, 2015.
             Was a Priest of the Shining One.
             Killed from afar by Harold (42 damage)
             ... with a bolt of fire
             ... on level 1 of the Lair of Beasts.
             The game lasted 00:35:27 (6865 turns).

Andry07 the Carver (Vine Stalker Fighter)           Turns: 6865, Time: 00:35:27

Health: -20/47     AC: 12    Str: 23    XL:     10   Next: 72%
Magic:  0/11       EV:  9    Int: 18    God:    the Shining One [***...]
Gold:   391        SH:  9    Dex: 15    Spells: 0 memorised, 9 levels left

rFire  x . .     SeeInvis +     N - +9 trident "Huloah" {freeze, -Tele rPois rF- Int+10}
rCold  + . .     Clarity  .     n - +0 plate armour
rNeg   + + .     SustAt   .     c - +0 shield
rPois  +         Gourm    .     (no helmet)
rElec  .         Spirit   +     (no cloak)
rCorr  .         Warding  +     h - +0 pair of gloves
rMut   .         NoTele   +     (no boots)
MR     +....                    A - amulet of warding
Stlth  ..........               E - +5 ring of evasion
                                p - ring of see invisible

@: lethally poisoned (-20 -> -20), glowing, somewhat resistant to hostile
enchantments, extremely unstealthy
A: fangs 3, hooves 1, cold resistance 1, regeneration 2, strong 1, magic shield,
antimagic bite, no device heal 3, rot immunity
a: Divine Shield, Renounce Religion


You were on level 1 of the Lair of Beasts.
You worshipped the Shining One.
The Shining One was most pleased with you.
You were not hungry.

You visited 3 branches of the dungeon, and saw 11 of its levels.
You also visited: Bailey.

You collected 567 gold pieces.
You spent 176 gold pieces at shops.

Inventory:

Hand Weapons
 H - a +2 flail of crushing
 J - a +2 long sword
 N - the +9 trident "Huloah" (weapon) {freeze, -Tele rPois rF- Int+10}
   (You found it on level 7 of the Dungeon)

   It has been specially enchanted to freeze those struck by it, causing extra
   injury to most foes and up to half again as much damage against particularly
   susceptible opponents.
   It can also slow down cold-blooded creatures.
   It affects your intelligence (+10).
   It makes you vulnerable to fire.
   It protects you from poison.
   It prevents most forms of teleportation.
Armour
 c - a +0 shield (worn)
 h - a +0 pair of gloves (worn)
 n - a +0 plate armour (worn)
Jewellery
 k - an uncursed ring of teleportation
 p - a ring of see invisible (left hand)
 q - an uncursed ring of sustain attributes
 w - an uncursed ring of flight
 y - an uncursed ring of poison resistance
 A - an amulet of warding (around neck)
 E - a +5 ring of evasion (right hand)
Scrolls
 i - 3 scrolls of teleportation
 j - a scroll of remove curse
 m - 2 scrolls of blinking
 o - a scroll of random uselessness {unknown}
 u - 2 scrolls of amnesia {unknown}
 v - 2 scrolls of fear
 x - 2 scrolls of immolation {unknown}
 z - 2 scrolls of noise {unknown}
 D - a scroll of fog {unknown}
 I - 2 scrolls of enchant weapon {unknown}
 K - a scroll of recharging {unknown}
 P - 2 scrolls of identify
Potions
 b - 2 potions of brilliance {unknown}
 d - 4 potions of might
 f - 6 potions of curing
 g - 3 potions of agility
 r - 3 potions of magic
 t - a potion of poison
 C - 3 potions of resistance
 F - a potion of lignification
 G - 2 potions of flight
 L - a potion of invisibility {unknown}
 M - a potion of berserk rage
 O - a potion of haste {unknown}
Miscellaneous
 S - a legendary deck of war {drawn: 4}
 T - a crystal ball of energy
 U - a stone of tremors
Comestibles
 a - a chunk of flesh
 e - 6 bread rations
 l - 4 meat rations
 s - 4 fruits
 B - 9 beef jerkies
 R - a slice of pizza


   Skills:
 - Level 2.6 Fighting
 + Level 13.9 Long Blades
 - Level 2.4 Armour
 - Level 2.6 Shields


You had 9 spell levels left.
You didn't know any spells.

Dungeon Overview and Level Annotations

Branches:
Dungeon (9/15)             Temple (1/1) D:4            Lair (1/8) D:9
    Orc: D:9-12

Altars:
Ashenzari
Cheibriados
Dithmenos
Elyvilon
Fedhas
Gozag
Kikubaaqudgha
Makhleb
Nemelex Xobeh
Okawaru
Qazlal
Ru
Sif Muna
Trog
Vehumet
Xom
Yredelemnul
Zin
The Shining One

Shops:
D:6 *   D:7 !

Annotations:
Lair:1 Harold


Innate Abilities, Weirdness & Mutations

You have razor-sharp teeth.
You heal very quickly.
When hurt, damage is shared between your health and your magic reserves.
Your bite disrupts and absorbs the magic of your enemies.
Potions and wands cannot restore your health.
You are immune to rotting.
You have large cloven feet.
Your flesh is cold resistant.
Your muscles are strong. (Str +2)


Message History

Harold is nearby!
Harold moves out of view.
You feel sick.
You are held in a net!
You are held in a net!
You feel sick.
You are held in a net!
You are held in a net!
You are held in a net!
You are held in a net!
You are held in a net!
You feel sick. Harold hits you but does no damage.
You try to slip out of the net.
Harold hits you but does no damage.
You struggle against the net.
Harold hits you with a flail!
You try to slip out of the net.
You feel sick. Harold hits you with a flail.
You slip out of the net!
Harold points at you and mumbles some strange words.
The bolt of fire hits you! The fire burns you terribly!
Ouch! That really hurt!
You die...

. .. ############ ...##
####.#.##...... .....#
###..............
......##.....)....#..P..
.....>.......#..........
#...@@..###...........
.......#.#..............
##......##.....†........
..).....................
...###..................
.. ................... .
................#...
................#..#.
#..............#####


You could see Harold.

Vanquished Creatures
  A black mamba (Lair:1)
  A komodo dragon (Lair:1)
  A two-headed ogre (D:9)
  A deep elf mage (D:9)
  A hippogriff (D:8)
  3 wargs (D:9)
  Menkaure (D:6)
  A steam dragon (D:7)
  Edmund (D:5)
  A water moccasin (Lair:1)
  3 ice beasts (D:7)
  4 orc warriors (Bailey)
  2 black bears
  3 phantoms
  6 centaurs
  5 giant frogs
  A big kobold (D:7)
  4 scorpions
  8 wights
  4 killer bees (D:7)
  3 crimson imps
  2 electric eels (D:9)
  A giant frog skeleton (D:5)
  5 orc priests
  2 hounds
  3 iguanas
  2 jellies (D:7)
  3 orc wizards (D:5)
  Natasha (thrice) (D:2)
  3 worker ants
  A hound skeleton (D:7)
  8 gnolls
  A shadow imp (D:6)
  7 adders
  An ooze (D:3)
  2 adder skeletons
  2 worms (D:2)
  5 giant geckos
  32 orcs
  10 giant cockroaches
  13 hobgoblins
  A quokka (D:4)
  2 ball pythons
  A ball python skeleton (D:4)
  7 bats
  A giant gecko skeleton (D:6)
  5 giant newts
  13 goblins
  A goblin zombie (D:6)
  8 jackals
  28 kobolds
  An orc zombie (D:6)
  10 rats (D:1)
  3 toadstools (D:1)
242 creatures vanquished.

Vanquished Creatures (others)
  A toadstool (D:1)
1 creature vanquished.

Grand Total: 243 creatures vanquished

Notes
Turn   | Place    | Note
--------------------------------------------------------------
     0 | D:1      | Andry07 the Vine Stalker Fighter began the quest for the Orb.
     0 | D:1      | Reached XP level 1. HP: 11/11 MP: 2/2
   230 | D:1      | Reached XP level 2. HP: 14/16 MP: 1/3
   506 | D:1      | Reached skill level 3 in Long Blades
   532 | D:1      | Reached XP level 3. HP: 19/19 MP: 4/4
   930 | D:2      | Noticed Natasha
   939 | D:2      | Killed Natasha
   939 | D:2      | Reached XP level 4. HP: 10/23 MP: 3/5
  1006 | D:2      | Reached skill level 4 in Long Blades
  1128 | D:2      | Noticed Natasha
  1134 | D:2      | Killed Natasha
  1298 | D:2      | Noticed Natasha
  1301 | D:2      | Killed Natasha
  1371 | D:2      | Reached XP level 5. HP: 18/27 MP: 6/6
  1944 | D:3      | Reached skill level 5 in Long Blades
  2515 | D:4      | Found a glowing silver altar of Zin.
  2585 | D:4      | Found a basalt altar of Yredelemnul.
  2586 | D:4      | Found an iron altar of Okawaru.
  2588 | D:4      | Found a bloodstained altar of Trog.
  2589 | D:4      | Found a snail-covered altar of Cheibriados.
  2617 | D:4      | Noticed a phantom
  2640 | D:4      | Killed a phantom
  2640 | D:4      | Gained mutation: You heal very quickly. [Vine Stalker growth]
  2640 | D:4      | Reached XP level 6. HP: 27/32 MP: 5/7
  2738 | D:5      | Entered Level 5 of the Dungeon
  2806 | D:4      | Reached skill level 6 in Long Blades
  2809 | D:4      | Found a staircase to the Ecumenical Temple.
  2818 | Temple   | Entered the Ecumenical Temple
  2840 | Temple   | Became a worshipper of the Shining One
  3115 | D:5      | Reached XP level 7. HP: 19/35 MP: 8/8
  3202 | D:5      | Reached skill level 7 in Long Blades
  3326 | D:5      | Noticed Edmund
  3366 | D:5      | Killed Edmund
  3433 | D:5      | Reached skill level 8 in Long Blades
  3453 | D:5      | Gained mutation: You have razor-sharp teeth. [Vine Stalker growth]
  3453 | D:5      | Reached XP level 8. HP: 18/39 MP: 6/9
  3646 | D:5      | Reached skill level 9 in Long Blades
  3861 | D:6      | Reached * piety under the Shining One
  3888 | D:6      | Found Bualeulu's General Store.
  3891 | D:6      | Bought a scroll of remove curse for 33 gold pieces
  3891 | D:6      | Bought a scroll of identify for 22 gold pieces
  3891 | D:6      | Bought a potion of curing for 33 gold pieces
  3891 | D:6      | Bought a potion of flight for 33 gold pieces
  3891 | D:6      | Bought a meat ration for 55 gold pieces
  3908 | D:6      | Gained mutation: Your flesh is cold resistant. [potion of beneficial mutation]
  3967 | D:6      | Gained mutation: Your muscles are strong. (Str +2) [potion of beneficial mutation]
  3972 | D:6      | Found a stormy altar of Qazlal.
  4028 | D:6      | Noticed Menkaure
  4037 | D:6      | Killed Menkaure
  4103 | D:6      | Found a shadowy altar of Dithmenos.
  4205 | D:6      | Reached skill level 10 in Long Blades
  4302 | D:6      | Found a white marble altar of Elyvilon.
  4311 | D:6      | Found a shattered altar of Ashenzari.
  4325 | D:6      | Found a deep blue altar of Sif Muna.
  4480 | D:6      | Reached XP level 9. HP: 41/43 MP: 8/10
  4598 | D:7      | Found Jiprarui's Distillery.
  4649 | D:7      | Reached ** piety under the Shining One
  4707 | D:7      | Found a burning altar of Makhleb.
  4816 | D:7      | Reached skill level 11 in Long Blades
  5008 | D:7      | Got an ichor-stained trident
  5013 | D:7      | Identified the +9 trident "Huloah" {freeze, -Tele rPois rF- Int+10} (You found it on level 7 of the Dungeon)
  5497 | D:8      | Reached skill level 12 in Long Blades
  5518 | D:8      | Gained mutation: You have large cloven feet. [potion of beneficial mutation]
  5596 | D:9      | Reached XP level 10. HP: 47/47 MP: 11/11
  5726 | D:9      | Found a staircase to the Lair.
  5855 | D:9      | Reached skill level 13 in Long Blades
  6067 | D:9      | Reached *** piety under the Shining One
  6173 | D:9      | Found a flagged portal.
  6183 | Bailey   | Entered a bailey
  6742 | Lair:1   | Entered Level 1 of the Lair of Beasts
  6838 | Lair:1   | Noticed a black mamba
  6846 | Lair:1   | Killed a black mamba
  6854 | Lair:1   | Noticed Harold
  6865 | Lair:1   | Killed from afar by Harold

Action                   |  1- 3 |  4- 6 |  7- 9 | 10-12 || total
-------------------------+-------+-------+-------+-------++-------
Melee: Long sword        |   121 |   214 |   211 |       ||   546
       Flail             |       |       |    59 |       ||    59
       Trident           |       |       |    57 |   134 ||   191
Evoke: Deck              |       |       |       |     4 ||     4
  Use: Scroll            |       |     1 |    13 |       ||    14
       Potion            |       |       |     3 |       ||     3
  Eat: Chunk             |       |     3 |     7 |     2 ||    12
       Bread ration      |       |     1 |     1 |       ||     2
